 Dungeon Crawl Stone Soup version 0.23-a0-612-gcb482e9 (webtiles) character file.

315 Leeroy the Charmwright (level 6, -1/51 HPs)
             Began as a Gnoll Skald on Dec 21, 2018.
             Killed from afar by an orc wizard (8 damage)
             ... with a puff of frost
             ... on level 3 of the Dungeon.
             The game lasted 00:09:26 (2435 turns).

Leeroy the Charmwright (Gnoll Skald)                Turns: 2435, Time: 00:09:28

Health: -1/51      AC:  6    Str: 13    XL:     6   Next: 44%
Magic:  7/14       EV: 14    Int: 17    God:
Gold:   147        SH:  0    Dex: 15    Spells: 4/15 levels left

rFire    . . .     SeeInvis .   a - +0 falchion
rCold    . . .     Gourm    .   (no shield)
rNeg     . . .     Faith    .   b - +0 leather armour
rPois    .         Spirit   .   m - +0 helmet
rElec    .         Reflect  .   k - +0 cloak
rCorr    .         Harm     .   i - +0 pair of gloves
MR       .....                  (no boots)
Stlth    ++........             (no amulet)
HPRegen  0.17/turn              (no ring)
MPRegen  0.14/turn              (no ring)

@: lethally poisoned (-1 -> -12), shrouded, very slightly contaminated
A: distributed training, fangs 1, strong nose
a: no special abilities


You were on level 3 of the Dungeon.
You were very hungry.

You visited 1 branch of the dungeon, and saw 3 of its levels.

You collected 147 gold pieces.

Inventory:

Hand Weapons
 a - a +0 falchion (weapon)
 e - a +0 short sword
 h - a +0 hand axe
 y - a +2 dagger of chaos
 z - a +1 spear of chaos
 C - a +1 dagger of speed
 D - a +0 dagger
Missiles
 f - 113 stones (quivered)
 g - 70 arrows
 o - 30 sling bullets
Armour
 b - a +0 leather armour (worn)
 i - a +0 pair of gloves (worn)
 k - a +0 cloak (worn)
 m - a +0 helmet (worn)
 A - a +0 ring mail
Jewellery
 s - an uncursed ring of poison resistance {unknown}
Scrolls
 c - 2 scrolls of identify {unknown}
 l - 2 scrolls of remove curse
 q - a scroll of fog {unknown}
 t - 2 scrolls of immolation {unknown}
 u - a scroll of enchant armour {unknown}
 w - 2 scrolls of teleportation {unknown}
 B - a scroll of fear {unknown}
Potions
 j - a potion of curing {unknown}
 n - a potion of haste
 p - a potion of degeneration {unknown}
 r - a potion of mutation {unknown}
 v - a potion of heal wounds {unknown}
 x - a potion of resistance {unknown}
Comestibles
 d - 4 rations


   Skills:
 + Level 5.0 Fighting
 + Level 1.9 Short Blades
 + Level 5.0 Long Blades
 + Level 1.9 Axes
 + Level 1.9 Maces & Flails
 + Level 1.9 Polearms
 + Level 1.9 Staves
 + Level 1.9 Slings
 + Level 1.9 Bows
 + Level 1.9 Crossbows
 + Level 1.9 Throwing
 + Level 3.2 Armour
 + Level 5.0 Dodging
 + Level 1.9 Stealth
 + Level 1.9 Shields
 + Level 1.9 Unarmed Combat
 + Level 5.3 Spellcasting
 + Level 1.5 Conjurations
 + Level 1.5 Hexes
 + Level 5.6 Charms
 + Level 1.5 Summonings
 + Level 1.5 Necromancy
 + Level 1.5 Translocations
 + Level 1.5 Transmutations
 + Level 1.5 Fire Magic
 + Level 1.5 Ice Magic
 + Level 1.5 Air Magic
 + Level 1.5 Earth Magic
 + Level 1.5 Poison Magic
 + Level 2.1 Invocations
 + Level 1.9 Evocations


You had 4 spell levels left.
You knew the following spells:

 Your Spells              Type           Power        Failure   Level  Hunger
a - Infusion              Chrm           ###.         1%          1    None
b - Song of Slaying       Chrm           ###.....     2%          2    #......
c - Shroud of Golubria    Chrm/Tloc      ###.......   6%          2    #......
d - Regeneration          Chrm/Necr      ###.......   12%         3    ##.....
e - Spectral Weapon       Hex/Chrm       ###.....     12%         3    ##.....

Your spell library contained the following spells:

 Spells                   Type           Power        Failure   Level  Hunger


Dungeon Overview and Level Annotations

Branches:
Dungeon (3/15)

Altars:
Ashenzari
Gozag
Qazlal
Xom


Innate Abilities, Weirdness & Mutations

Your experience applies equally to all skills.
You have very sharp teeth.
Your uncanny sense of smell can sniff out nearby items.


Message History

Your shroud bends something's attack away.
You hit something.
You feel sick.
You hear some strange, mumbled words.
A puff of frost appears from out of thin air!
The puff of frost hits you!
* * * LOW HITPOINT WARNING * * *
Unknown command.
You hit something but do no damage. Something hits you but does no damage.
You barely miss something.
You feel sick. Something hits you.
* * * LOW HITPOINT WARNING * * *
You are more poisoned.
Unknown command.
You hit something.
Your skin stops crawling.
* * * LOW HITPOINT WARNING * * *
You feel sick.
You hear some strange, mumbled words.
A puff of frost appears from out of thin air!
The puff of frost hits you!
You die...

#.# ########.....# #.#
#.#
#.....###...##########.#
#.###.###.#
##.#...........# #.....#
#.####.#.###########
#####.###........#
#.....####.### #######
#.# #.# #@# #{# #o#∆ #)#
∆ #.......o...#
#...#....#### ### .....#
##..... ##.####


You could see an orc.

Vanquished Creatures
  A bullfrog (D:2)
  A hound (D:3)
  An orc wizard (D:3)
  Robin (D:2)
  A gnoll (D:2)
  6 adders
  A worm (D:2)
  2 dart slugs
  3 leopard geckos (D:1)
  17 orcs
  6 bats
  7 giant cockroaches
  16 goblins
  5 hobgoblins
  4 jackals
  12 kobolds
  A ball python (D:1)
  2 frilled lizards
  3 rats
90 creatures vanquished.

Notes
Turn   | Place    | Note
-------+----------+-------------------------------------------
     0 | D:1      | Leeroy the Gnoll Skald began the quest for the Orb.
     0 | D:1      | Reached XP level 1. HP: 20/20 MP: 6/6
   115 | D:1      | Reached XP level 2. HP: 19/26 MP: 7/7
   175 | D:1      | Learned a level 2 spell: Song of Slaying
   178 | D:1      | Learned a level 2 spell: Shroud of Golubria
   190 | D:1      | Reached XP level 3. HP: 18/31 MP: 9/9
   195 | D:1      | Learned a level 3 spell: Regeneration
   199 | D:1      | Learned a level 3 spell: Spectral Weapon
   296 | D:1      | You fall through a shaft!
   311 | D:2      | Noticed Robin
   313 | D:2      | Reached skill level 5 in Spellcasting
   330 | D:2      | Killed Robin
   330 | D:2      | Reached skill level 1 in Invocations
   355 | D:2      | HP: 1/31 [goblin[Robin] (4)]
   366 | D:2      | HP: 1/31 [goblin[Robin] (1)]
   650 | D:1      | Reached skill level 1 in Short Blades
   650 | D:1      | Reached skill level 1 in Axes
   650 | D:1      | Reached skill level 1 in Maces & Flails
   650 | D:1      | Reached skill level 1 in Polearms
   650 | D:1      | Reached skill level 1 in Staves
   650 | D:1      | Reached skill level 1 in Slings
   650 | D:1      | Reached skill level 1 in Bows
   650 | D:1      | Reached skill level 1 in Crossbows
   650 | D:1      | Reached skill level 1 in Throwing
   650 | D:1      | Reached skill level 1 in Stealth
   650 | D:1      | Reached skill level 1 in Shields
   650 | D:1      | Reached skill level 1 in Unarmed Combat
   650 | D:1      | Reached skill level 1 in Evocations
   837 | D:2      | Reached XP level 4. HP: 35/38 MP: 11/11
  1006 | D:2      | Reached skill level 1 in Conjurations
  1006 | D:2      | Reached skill level 1 in Hexes
  1006 | D:2      | Reached skill level 1 in Summonings
  1006 | D:2      | Reached skill level 1 in Necromancy
  1006 | D:2      | Reached skill level 1 in Translocations
  1006 | D:2      | Reached skill level 1 in Transmutations
  1006 | D:2      | Reached skill level 1 in Fire Magic
  1006 | D:2      | Reached skill level 1 in Ice Magic
  1006 | D:2      | Reached skill level 1 in Air Magic
  1006 | D:2      | Reached skill level 1 in Earth Magic
  1006 | D:2      | Reached skill level 1 in Poison Magic
  1048 | D:2      | Noticed a bullfrog
  1061 | D:2      | Killed a bullfrog
  1061 | D:2      | Reached XP level 5. HP: 33/43 MP: 12/12
  1123 | D:2      | Found a shimmering altar of Xom.
  1239 | D:2      | Found a stormy altar of Qazlal.
  1324 | D:2      | Found an opulent altar of Gozag.
  1513 | D:3      | Found a shattered altar of Ashenzari.
  1815 | D:3      | Reached XP level 6. HP: 24/50 MP: 8/13
  2431 | D:3      | Reached skill level 5 in Fighting
  2431 | D:3      | Reached skill level 5 in Long Blades
  2431 | D:3      | Reached skill level 5 in Dodging
  2435 | D:3      | Killed from afar by an orc wizard

Vault maps used:
D:1:      dpeg_arrival_boxes_within_box, serial_glass, glass_columns_b,
          glass_columns_a
D:2:      minmay_chambers_of_twos, nicolae_gozag_seed_capital,
          lemuel_doored_altar, tgw_xom, uniq_robin
D:3:      lemuel_crystal_altar

Skill      XL: |  1  2  3  4  5  6 |
---------------+-------------------+-----
Spellcasting   | 5 |  5.3
Invocations    | 1 2 |  2.1
Short Blades   | 1 |  1.9
Axes           | 1 |  1.9
Maces & Flails | 1 |  1.9
Polearms       | 1 |  1.9
Staves         | 1 |  1.9
Slings         | 1 |  1.9
Bows           | 1 |  1.9
Crossbows      | 1 |  1.9
Throwing       | 1 |  1.9
Stealth        | 1 |  1.9
Shields        | 1 |  1.9
Unarmed Combat | 1 |  1.9
Evocations     | 1 |  1.9
Conjurations   | 1 |  1.5
Hexes          | 1 |  1.5
Summonings     | 1 |  1.5
Necromancy     | 1 |  1.5
Translocations | 1 |  1.5
Transmutations | 1 |  1.5
Fire Magic     | 1 |  1.5
Ice Magic      | 1 |  1.5
Air Magic      | 1 |  1.5
Earth Magic    | 1 |  1.5
Poison Magic   | 1 |  1.5
Armour         | 3 |  3.2
Fighting       | 5 |  5.0
Long Blades    | 5 |  5.0
Dodging        | 5 |  5.0
Charms         | |  5.6

Action                   |  1- 3 |  4- 6 || total
-------------------------+-------+-------++-------
Melee: Falchion          |    84 |   209 ||   293
       Bite              |     9 |    28 ||    37
       Punch             |       |     2 ||     2
Throw: Stone             |       |     1 ||     1
 Cast: Regeneration      |     2 |     2 ||     4
       Shroud of Golubri |     1 |     2 ||     3
       Song of Slaying   |       |     1 ||     1
  Use: Scroll            |       |     1 ||     1
 Stab: Sleeping          |       |     6 ||     6
  Eat: Chunk             |       |     5 ||     5
Armor: Leather armour    |    28 |    79 ||   107
Dodge: Dodged            |    94 |   181 ||   275
       Rpst.: Falchion   |    28 |    65 ||    93

Table legend:
 A = Non-vault XP
 B = Vault XP
 C = Vault XP percentage of total XP
 D = Non-vault monster count
 E = Vault monster count
 F = Vault count percentage of total count
                 A         B        C        D         E       F
            +---------+---------+-------+---------+---------+-------
      Total |     359 |      92 |  20.4 |      70 |      20 |  22.2
            +---------+---------+-------+---------+---------+-------
        D:1 |      53 |       0 |   0.0 |      27 |       0 |   0.0
        D:2 |     121 |      92 |  43.2 |      11 |      20 |  64.5
        D:3 |     185 |       0 |   0.0 |      32 |       0 |   0.0
            +---------+---------+-------+---------+---------+-------
